 Dungeon Crawl Stone Soup version 0.30-a0-509-gd016549fea (webtiles) character file.

Game seed: 17636689780805363499

1261 oldriver the Covert (level 8, -1/68 (73) HPs)
             Began as a Naga Artificer on Dec 22, 2022.
             Slain by a wight
             ... wielding a +0 great sword
              (12 damage)
             ... on level 5 of the Dungeon.
             The game lasted 00:09:21 (5124 turns).

oldriver the Covert (Naga Artificer)                Turns: 5124, Time: 00:09:21

HP:   -1/68 (73)    AC:  5    Str: 15    XL:     8   Next: 52%
MP:   0/8           EV:  8    Int: 12    God:
Gold: 237           SH:  3    Dex: 13    Spells: 7/7 levels left

rFire   . . .      SeeInvis +    w - +1 dagger (vamp)
rCold   + . .      Faith    .    q - +0 buckler
rNeg    . . .      Spirit   +    x - +0 leather armour {rC+}
rPois   +          Reflect  .    (no helmet)
rElec   .          Harm     .    (no cloak)
rCorr   .          Rampage  .    r - +0 pair of gloves
Will    +....                    (no barding)
Stlth   ++++......               n - amulet of guardian spirit
HPRegen 0.31/turn                (no ring)
MPRegen 0.11/turn                (no ring)

@: drained, very slow
A: AC +2, large, see invisible, deformed body, poison resistance, slowness 2,
spit poison 1, naga tail 1
a: Spit Poison


You were on level 5 of the Dungeon.
You visited 1 branch of the dungeon, and saw 5 of its levels.

You collected 237 gold pieces.

Inventory:

Hand Weapons
 w - a +1 vampiric dagger (weapon)
Armour
 q - a +0 buckler (worn)
 r - a +0 pair of gloves (worn)
 x - a +0 leather armour of cold resistance (worn)
Jewellery
 n - an amulet of guardian spirit (around neck)
Wands
 d - a wand of charming (10)
 i - a wand of polymorph (8)
 m - a wand of paralysis (7)
Scrolls
 b - 3 scrolls of identify
 e - a scroll of acquirement {unknown}
 o - a scroll of vulnerability {unknown}
 t - 2 scrolls of teleportation {unknown}
 u - a scroll of amnesia {unknown}
 v - a scroll of noise {unknown}
Potions
 a - a potion of lignification
 g - 2 potions of degeneration
 h - 2 potions of ambrosia
 k - 2 potions of mutation
 l - 5 potions of curing {unknown}
 p - a potion of haste {unknown}
 s - a potion of flight {unknown}


   Skills:
 + Level 4.7 Fighting
 * Level 6.1 Short Blades
 - Level 1.5 Armour
 - Level 0.7 Dodging
 * Level 9.5 Stealth
 + Level 3.1 Evocations


You had 7 spell levels left.
You didn't know any spells.
Your spell library contained the following spells:

 Spells                   Type           Power      Damage    Failure   Level
 Beastly Appendage        Tmut           0%         N/A       45%         1
 Summon Small Mammal      Summ           0%         N/A       45%         1
 Wereblood                Tmut           0%         N/A       61%         2
 Call Canine Familiar     Summ           0%         N/A       83%         3
 Spider Form              Tmut/Pois      0%         N/A       83%         3
 Summon Guardian Golem    Hex/Summ       0%         N/A       83%         3


Dungeon Overview and Level Annotations

Branches:
Dungeon (5/15)
 Temple: D:4-7

Altars:
Fedhas
Nemelex Xobeh
Vehumet
The Shining One

Annotations:
D:3 exclusion: statue


Innate Abilities, Weirdness & Mutations

Your serpentine skin is tough. (AC +2)
You have supernaturally acute eyesight. (SInv)
Armour fits poorly on your strangely shaped body.
Your system is resistant to poisons. (rPois)
You cover ground very slowly.
You can spit poison.
You have a snake-like lower body.


Message History

Aiming: Spit Poison (1% risk of failure)
Press: ? - help, Shift-Dir - straight line, f/p - white imp
Aim: a white imp (lightly wounded, 64% to hit)
The splash of poison hits the white imp but does no damage.
The white imp is poisoned.
The white imp is lightly wounded.
The white imp hits you but does no damage.
Unknown command.
You closely miss the white imp.
The white imp is moderately wounded.
You block the white imp's attack.
You hit the white imp but do no damage.
The white imp is moderately wounded.
The wight barely misses you.
The white imp hits you but does no damage.
You hit the white imp but do no damage.
The white imp is moderately wounded.
The wight closely misses you. The white imp gestures at you.
The puff of frost hits you. You resist.
You have got your breath back.
The white imp looks more healthy.
The white imp laughs crazily.
A wight comes into view. It is wielding a +0 hand axe.
The white imp attacks as you move away! The white imp hits you.
The white imp freezes you. You resist. The wight attacks as you move away!
The wight hits you with a +0 scimitar! The white imp closely misses you.
The wight hits you with a +0 scimitar.
You feel drained. The wight hits you with a +0 scimitar.
You feel drained. The wight attacks as you move away!
The wight hits you with a +0 great sword!
The wight attacks as you move away!
The wight hits you with a +0 scimitar. x2
You feel drained.
The wight hits you with a +0 great sword!!
* * * LOW HITPOINT WARNING * * *
The wight attacks as you move away! The wight closely misses you.
The wight attacks as you move away!
The wight hits you with a +0 great sword!
You die...

#.# #.##(# #.# #.#
#....# #.# #.# ####.##
#.# #.# #..# #.# #.#
#..# #.# #.# #..# #.#
#.# #..# #.# #.# #..#
#.# #.############@.#
#.# #...........##zz#
#.#
###########.##5z####.#
#...z......#
##########.z######
#######....z......#
.................##
#####.############ #.#


You could see 5 wights and a white imp.

Vanquished Creatures
  Grinder (D:3)
  Sigmund (D:3)
  Menkaure (D:5)
  2 black bears (D:4)
  An ogre (D:4)
  Dowan (D:5)
  2 hounds (D:4)
  An orc priest (D:3)
  Terence (D:3)
  An iguana (D:4)
  3 orc wizards
  7 adders
  A white imp (D:5)
  An ufetubus (D:5)
  3 worms
  3 dart slugs
  5 orcs
  5 endoplasms
  3 giant cockroaches
  6 goblins
  2 hobgoblins
  4 jackals
  9 kobolds
  3 quokkas
  9 ball pythons
  2 bats (D:1)
  2 frilled lizards (D:2)
  3 rats (D:2)
83 creatures vanquished.

Vanquished Creatures (collateral kills)
  Duvessa (D:5)
1 creature vanquished.

Vanquished Creatures (others)
  An adder (D:5)
1 creature vanquished.

Grand Total: 85 creatures vanquished

Notes
Turn   | Place    | Note
-------+----------+-------------------------------------------
     0 | D:1      | oldriver the Naga Artificer began the quest for the Orb.
     0 | D:1      | Reached XP level 1. HP: 18/18 MP: 1/1
    49 | D:1      | Reached skill level 2 in Stealth
   318 | D:1      | Reached XP level 2. HP: 25/25 MP: 2/2
   610 | D:1      | Reached skill level 3 in Stealth
  1163 | D:2      | Reached skill level 4 in Stealth
  1163 | D:2      | Reached XP level 3. HP: 18/32 MP: 3/3
  1325 | D:2      | Found a sparkling altar of Nemelex Xobeh.
  1483 | D:2      | Found a faded altar of an unknown god.
  2051 | D:2      | Reached skill level 1 in Short Blades
  2051 | D:2      | Reached XP level 4. HP: 34/39 MP: 4/4
  2349 | D:3      | Noticed Sigmund
  2424 | D:3      | Found a blossoming altar of Fedhas.
  2530 | D:3      | Reached skill level 5 in Stealth
  2564 | D:3      | Reached XP level 5. HP: 24/46 MP: 2/5
  2643 | D:3      | Noticed Terence
  2645 | D:3      | Killed Sigmund
  2646 | D:3      | Reached skill level 6 in Stealth
  2646 | D:3      | Reached XP level 6. HP: 42/56 MP: 4/6
  2649 | D:3      | Killed Terence
  2956 | D:3      | Noticed Grinder
  2968 | D:3      | Killed Grinder
  2969 | D:3      | Reached XP level 7. HP: 54/63 MP: 7/7
  3071 | D:3      | Found a radiant altar of Vehumet.
  3750 | D:4      | Reached skill level 7 in Stealth
  3798 | D:4      | Reached skill level 5 in Short Blades
  3798 | D:4      | Reached skill level 8 in Stealth
  3958 | D:4      | Found a glowing golden altar of the Shining One.
  4285 | D:4      | Reached XP level 8. HP: 60/72 MP: 8/8
  4689 | D:5      | Entered Level 5 of the Dungeon
  4689 | D:5      | Noticed Duvessa
  4692 | D:5      | Noticed Dowan
  4714 | D:5      | Killed Duvessa
  4715 | D:5      | Reached skill level 9 in Stealth
  4839 | D:5      | Killed Dowan
  5078 | D:5      | Noticed Menkaure
  5080 | D:5      | Killed Menkaure
  5124 | D:5      | Slain by a wight

Illustrated notes

Levels and vault maps discovered:
D:1:      saegor_arrival_simple_c, layout_basic
D:2:      kb_forest_paths, layout_basic, hellmonk_ecumenical_altar_lost_god,
          basic_altar
D:3:      layout_rooms, mainiacjoe_overflow_paths, vehumet_statue,
          grunt_decor_clamped, minmay_parallelograms, uniq_sigmund,
          uniq_grinder, uniq_terence
D:4:      layout_layer_cave, tso_oasis_becter, kennysheep_generic_room_5
D:5:      layout_loops_ring, uniq_duvessa, uniq_blork_the_orc, uniq_menkaure

Skill      XL: |  1  2  3  4  5  6  7  8 |
---------------+-------------------------+-----
Stealth        | 2 4 5 6 8 9 |  9.5
Fighting       | 2 3 4 |  4.7
Short Blades   | 1 2 3 4 5 6 |  6.1
Armour         | |  1.5
Dodging        | |  0.7
Evocations     | |  3.1

Action                   |  1- 3 |  4- 6 |  7- 9 || total
-------------------------+-------+-------+-------++-------
Melee: Club              |    57 |       |       ||    57
       Dagger            |    32 |    77 |   226 ||   335
       Punch             |     1 |       |       ||     1
 Abil: Spit Poison       |    29 |     7 |    32 ||    68
Evoke: Wand              |     6 |    13 |     9 ||    28
  Use: Potion            |       |     2 |     2 ||     4
       Scroll            |       |     2 |     3 ||     5
 Stab: Sleeping          |     1 |       |     3 ||     4
       Paralysed         |       |       |     2 ||     2
Armor: Leather armour    |    17 |     9 |    65 ||    91
       Skin              |       |    52 |       ||    52
Dodge: Dodged            |    49 |    19 |    88 ||   156
Block: Buckler           |       |     8 |    24 ||    32

Table legend: (Time is in decaauts)
 A = Elapsed time spent in this place.
 B = Non-inter-level travel time spent in this place.
 C = Inter-level travel time spent in this place.
 D = Time resting spent in this place.
 E = Time spent auto-exploring this place.
 F = Levels seen in this place.
 G = Mean time per level.
                   A        B        C        D        E       F      G
               +--------+--------+--------+--------+--------+-----+--------+
         Total |   6291 |   5963 |    328 |    872 |   3902 |   5 | 1258.2 |
       Dungeon |   6291 |   5963 |    328 |    872 |   3902 |   5 | 1258.2 |
               +--------+--------+--------+--------+--------+-----+--------+

Top non-repeatable levels by time:
     D:2: 1624 daAuts
     D:4: 1521 daAuts
     D:1: 1390 daAuts
     D:3: 1356 daAuts
     D:5: 398 daAuts
